 Dungeon Sprint DCSS version 0.26-a0-660-gc07710193c (webtiles) character file.

Game seed: 10504954922718301892

2956 mhtbhm the Fencer (level 9, -2/96 HPs)
             Began as a Minotaur Berserker on Oct 6, 2020.
             Was a High Priest of Trog.
             Slain by a ghost moth (9 damage)
             ... called by a spriggan druid
             ... in the Dungeon (Sprint IV: "Fedhas' Mad Dash").
             The game lasted 00:02:30 (2366 turns).

mhtbhm the Fencer (Minotaur Berserker)              Turns: 2366, Time: 00:02:31

Health: -2/96      AC:  2    Str: 23 (25) XL:     9   Next: 52%
Magic:  0/8        EV: 16    Int:  3 (4)  God:    Trog [*****.]
Gold:   184        SH:  0    Dex:  9 (10) Spells: 8/8 levels left

rFire    . . .     SeeInvis .   a - +6 scimitar of Distraction {flame, *Slow rElec MR+}
rCold    . . .     Faith    .   (no shield)
rNeg     . . .     Spirit   .   b - +0 animal skin
rPois    .         Reflect  .   (helmet restricted)
rElec    +         Harm     .   (no cloak)
rCorr    .         Rampage  .   (no gloves)
MR       +....     NoTele   +   (no boots)
Stlth    +++.......             i - amulet of invisibility {+Inv}
HPRegen  0.26/turn              (no ring)
MPRegen  0.11/turn              (no ring)

@: lethally poisoned (-2 -> -37), berserk cooldown, slowed, very slow
A: retaliatory headbutt, horns 2
a: Berserk, Trog's Hand, Brothers in Arms, Renounce Religion, Evoke Invisibility


You were in the Dungeon.
You worshipped Trog.
Trog was extremely pleased with you.
You visited 1 branch You collected 184 gold pieces.

Inventory:

Hand Weapons
 a - the +6 scimitar of Distraction (weapon) {flame, *Slow rElec MR+}
   (You found it in the Dungeon)

   It has been specially enchanted to burn those struck by it, causing extra
   injury to most foes and up to half again as much damage against particularly
   susceptible opponents.
   Big, fiery blades are also staple armaments of hydra-hunters.
   It insulates you from electricity.
   It affects your resistance to hostile enchantments.
   It may slow you when you take damage.
Armour
 b - a +0 animal skin (worn)
Jewellery
 i - the amulet of invisibility (around neck) {+Inv}
   (You found it in the Dungeon)

   [amulet of nothing]

   It lets you turn invisible.
Scrolls
 h - 3 scrolls of blinking
 j - a scroll of remove curse {unknown}
Potions
 d - a potion of heal wounds
 e - a potion of haste
 f - 2 potions of magic
 g - a potion of berserk rage


   Skills:
 + Level 14.3 Fighting
 + Level 15.6 Long Blades
 + Level 6.7 Armour
 + Level 9.7 Dodging
 + Level 5.5 Stealth
 + Level 4.2 Evocations


You had 8 spell levels left.
You didn't know any spells.
Your spell library was empty.

Dungeon Overview and Level Annotations

Branches:
Dungeon (1/1)

Altars:
Cheibriados
Dithmenos
Elyvilon
Gozag
Hepliaklqana
Kikubaaqudgha
Makhleb
Nemelex Xobeh
Okawaru
Qazlal
Ru
Sif Muna
Trog
Uskayaw
Vehumet
Wu Jian
Xom
Yredelemnul
Zin
The Shining One
Beogh
Jiyva
Lugonu

Shops:
D *=[?


Innate Abilities, Weirdness & Mutations

You reflexively headbutt those who attack you in melee.
You have a pair of horns on your head.


Message History

Something hits you!
* * * LOW HITPOINT WARNING * * *
You feel clumsy. Something stings you.
* * * LOW HITPOINT WARNING * * *
You are lethally poisoned!
Something poisons you! What are your orders? t - Shout!
Orders for allies: a - Attack new target. r - Retreat! s - Stop attacking. g - Guard the area. f - Follow me.
Anything else - Cancel.
Okay, then.
* * * LOW HITPOINT WARNING * * *
You feel very sick. Something hits you but does no damage. Something hits you.
* * * LOW HITPOINT WARNING * * *
Something stings you!
You die...

#################################
...#.....#.⌠._._._._.⌠.#.))...#..
...'.#().'.._._._._._..'..#...#..
...#.#...#..._._._._...#..###'##.
#######'##.._._._._._..#.)##∩∩.'.
.....'...#._._._._._.⌠.##########
.....#...###############
.♣..######♣♣♣♣♣.@♣?#
######..').....♣..♣#
'.......#♣..♣♣♣.♣).#
#.......#.♣♣.[♣...♣+ ##########
#######


There were no monsters in sight!

Vanquished Creatures
  A spriggan druid (D)
  2 oklob plants (D)
  3 burning bushes (D)
  A queen bee (D)
  3 wandering mushrooms (D)
  2 scorpions (D)
  4 killer bees (D)
  5 oklob saplings (D)
  A worker ant (D)
  2 spriggans (D)
  A river rat (D)
  A rat (D)
26 creatures vanquished.

Notes
Turn   | Place    | Note
-------+----------+-------------------------------------------
     0 | D        | mhtbhm the Minotaur Berserker began the quest for the Orb.
     0 | D        | Reached XP level 1. HP: 19/19 MP: 0/0
     9 | D        | Reached skill level 4 in Long Blades
     9 | D        | Reached XP level 2. HP: 28/28 MP: 1/1
   142 | D        | Noticed an oklob sapling
   142 | D        | HP: 1/28 [acid (14)]
   440 | D        | Killed an oklob sapling
   440 | D        | Reached ** piety under Trog
   440 | D        | Reached skill level 6 in Long Blades
   440 | D        | Reached XP level 3. HP: 35/37 MP: 2/2
   538 | D        | Found the amulet of invisibility {+Inv}
   632 | D        | Noticed an oklob sapling
   636 | D        | Killed an oklob sapling
   636 | D        | Reached skill level 7 in Long Blades
   636 | D        | Reached XP level 4. HP: 47/47 MP: 0/3
   639 | D        | Found an opulent altar of Gozag.
   639 | D        | Found a hazy altar of Hepliaklqana.
   639 | D        | Found a roughly hewn altar of Beogh.
   639 | D        | Found a snail-covered altar of Cheibriados.
   640 | D        | Found a viscous altar of Jiyva.
   640 | D        | Found a burning altar of Makhleb.
   640 | D        | Found a sparkling altar of Nemelex Xobeh.
   640 | D        | Found a sacrificial altar of Ru.
   640 | D        | Found a shimmering blue altar of Sif Muna.
   640 | D        | Found a bloodstained altar of Trog.
   640 | D        | Found an ornate altar of the Wu Jian Council.
   640 | D        | Found a shimmering altar of Xom.
   640 | D        | Found a basalt altar of Yredelemnul.
   641 | D        | Found an iron altar of Okawaru.
   641 | D        | Found a shadowy altar of Dithmenos.
   641 | D        | Found a glowing silver altar of Zin.
   642 | D        | Found an ancient bone altar of Kikubaaqudgha.
   642 | D        | Found a hide-covered altar of Uskayaw.
   643 | D        | Found a stormy altar of Qazlal.
   643 | D        | Found a white marble altar of Elyvilon.
   643 | D        | Found a glowing golden altar of the Shining One.
   644 | D        | Found a corrupted altar of Lugonu.
   644 | D        | Found a radiant altar of Vehumet.
   650 | D        | Reached skill level 8 in Long Blades
   650 | D        | Reached skill level 1 in Stealth
   650 | D        | Reached XP level 5. HP: 53/53 MP: 1/4
   724 | D        | Reached *** piety under Trog
   724 | D        | Reached skill level 1 in Evocations
   927 | D        | Reached skill level 9 in Long Blades
   927 | D        | Reached skill level 5 in Dodging
   992 | D        | Found Raesunia's Jewellery Shop.
   992 | D        | Found Nawy's General Store.
   999 | D        | Noticed a burning bush
   999 | D        | Noticed a wandering mushroom
  1000 | D        | Noticed a wandering mushroom
  1006 | D        | Killed a wandering mushroom
  1006 | D        | Reached **** piety under Trog
  1006 | D        | Reached skill level 10 in Fighting
  1006 | D        | Reached skill level 11 in Long Blades
  1006 | D        | Reached skill level 5 in Armour
  1006 | D        | Reached XP level 6. HP: 41/67 MP: 5/5
  1016 | D        | Killed a burning bush
  1016 | D        | Reached skill level 12 in Long Blades
  1016 | D        | Reached XP level 7. HP: 38/74 MP: 6/6
  1529 | D        | Found Toideu's Magic Scroll Emporium.
  1529 | D        | Found Qiuriv's Armour Shoppe.
  1584 | D        | Noticed a queen bee
  1593 | D        | Reached ***** piety under Trog
  1607 | D        | Killed a queen bee
  1607 | D        | Reached skill level 13 in Long Blades
  1607 | D        | Reached XP level 8. HP: 50/83 MP: 7/7
  1754 | D        | Noticed an oklob plant
  1760 | D        | Killed an oklob plant
  1760 | D        | Received a gift from Trog
  1919 | D        | Noticed a burning bush
  1941 | D        | Killed a burning bush
  1941 | D        | Reached skill level 14 in Long Blades
  2044 | D        | Noticed a burning bush
  2044 | D        | Noticed an oklob plant
  2045 | D        | Noticed a wandering mushroom
  2050 | D        | Killed a burning bush
  2063 | D        | Killed an oklob plant
  2063 | D        | Reached skill level 15 in Long Blades
  2063 | D        | Reached XP level 9. HP: 76/94 MP: 6/8
  2283 | D        | Reached skill level 5 in Stealth
  2304 | D        | Got a masterwork scimitar
  2305 | D        | Identified the +6 scimitar of Distraction {flame, *Slow
                  | rElec MR+} (You found it in the Dungeon)
  2351 | D        | Noticed a spriggan druid
  2356 | D        | Killed a spriggan druid
  2366 | D        | Slain by a ghost moth

Illustrated notes

Levels and vault maps discovered:
D:        dungeon_sprint_fedhas [sprint_temple]

Skill      XL: |  1  2  3  4  5  6  7  8  9 |
---------------+----------------------------+-----
Fighting       | 4 6 7 8 10 11 12 13 14 | 14.3
Long Blades    | 4 6 7 8 11 12 13 15 | 15.6
Armour         | 3 4 5 6 |  6.7
Dodging        | 3 4 6 7 9 |  9.7
Stealth        | 1 2 3 4 5 |  5.5
Evocations     | 1 2 3 4 |  4.2

Action                   |  1- 3 |  4- 6 |  7- 9 || total
-------------------------+-------+-------+-------++-------
Melee: Falchion          |    10 |    24 |    67 ||   101
       Headbutt          |     4 |     6 |    32 ||    42
       Scimitar          |       |       |     5 ||     5
Invok: Berserk           |     3 |     4 |     4 ||    11
 Abil: Evoke Invisibilit |     1 |       |     1 ||     2
  Use: Potion            |       |       |     1 ||     1
 Stab: Sleeping          |     1 |       |     1 ||     2
       Invisible         |       |     1 |     2 ||     3
Armor: Animal skin       |       |     1 |     4 ||     5
Dodge: Dodged            |     5 |     7 |    25 ||    37
       Rpst.: Falchion   |     1 |     1 |     7 ||     9

Table legend: (Time is in decaauts)
 A = Elapsed time spent in this place.
 B = Non-inter-level travel time spent in this place.
 C = Inter-level travel time spent in this place.
 D = Time resting spent in this place.
 E = Time spent auto-exploring this place.
 F = Levels seen in this place.
 G = Mean time per level.
                   A        B        C        D        E       F      G
               +--------+--------+--------+--------+--------+-----+--------+
         Total |   2442 |   2442 |      0 |   2054 |      0 |   1 | 2442.0 |
       Dungeon |   2442 |   2442 |      0 |   2054 |      0 |   1 | 2442.0 |
               +--------+--------+--------+--------+--------+-----+--------+

Top non-repeatable levels by time:
       D: 2442 daAuts
